 Dungeon Crawl Stone Soup version 0.17-a0-1368-g6ab37f2 (webtiles) character file.

39 abixa the Ruffian (level 3, 36/36 HPs)
             Began as a Troll Monk on June 12, 2015.
             Was a Priest of Lugonu.
             Quit the game on level 2 of the Dungeon.
             The game lasted 00:02:25 (577 turns).

abixa the Ruffian (Troll Monk)                       Turns: 577, Time: 00:02:25

Health: 36/36      AC:  5    Str: 19    XL:     3   Next: 28%
Magic:  2/2        EV: 10    Int:  7    God:    Lugonu [***...]
Gold:   53         SH:  0    Dex: 12    Spells: 0 memorised, 2 levels left

rFire  . . .     SeeInvis .       - Unarmed
rCold  . . .     Clarity  .     a - +0 robe
rNeg   . . .     SustAt   .     (no shield)
rPois  .         Gourm    +     (helmet restricted)
rElec  .         Spirit   .     (no cloak)
rCorr  .         Warding  .     (gloves unavailable)
rMut   .         Stasis   .     (boots unavailable)
MR     .....                    (no amulet)
Stlth  +.........               (no ring)
                                (no ring)

@: not resistant to hostile enchantments, very unstealthy
A: unfitting armour, claws 3, fast metabolism 3, gourmand, regeneration 2,
shaggy fur 1, tough skin 2
a: Depart the Abyss, Bend Space, Banish, Renounce Religion


You were on level 2 of the Dungeon.
You worshipped Lugonu.
Lugonu was most pleased with you.
You were full.

You visited 1 branch of the dungeon, and saw 2 of its levels.

You collected 53 gold pieces.

Inventory:

Missiles
 g - 33 stones (quivered)
 h - 7 tomahawks
Armour
 a - a +0 robe (worn)
Scrolls
 c - a scroll of teleportation {unknown}
 d - 2 scrolls of noise {unknown}
 i - a scroll of magic mapping {unknown}
 j - a scroll of enchant weapon {unknown}
Potions
 e - a potion of curing {unknown}
Comestibles
 b - 3 bread rations
 f - a meat ration
 k - 5 chunks of flesh


   Skills:
 - Level 2.4 Fighting
 - Level 2.4 Dodging
 - Level 1.1 Stealth
 + Level 5.1 Unarmed Combat


You had 2 spell levels left.
You didn't know any spells.

Dungeon Overview and Level Annotations

Branches:
Dungeon (2/15)

Altars:
Lugonu


Innate Abilities, Weirdness & Mutations

You are too large for most types of armour.
You have claws for hands.
Your metabolism is lightning-fast.
You like to eat raw meat.
You heal very quickly.
You are covered in fur (AC +1).
You have very tough skin (AC +2).


Message History

You claw the bat!
You kill the bat!
The rat bites you but does no damage.
You claw the rat!
You kill the rat!
No target in view!
No target in view!
Things that are here:
a dagger; a goblin corpse; an adder corpse Butcher an adder corpse? [(y)es/(c)hop/(n)o/(a)ll/(q)uit/?]
You butcher the adder corpse.
You butcher the goblin corpse.
k - 3 chunks of flesh;
k - 5 chunks of flesh (gained 2)
You see here a dagger.
There is a faded altar to an unknown god here.
This altar will convert you to a god.
You cannot discern which.
Do you pray? Lugonu accepts your prayer! Lugonu welcomes you!
You can now depart the Abyss.
You can now bend space around yourself.
You can now banish your foes.
Are you sure you want to abandon this character and quit the game? (Confirm with "yes".)

####... ....#.## #
...#..# #. #.##.#
#.###..#.###
#..........#
#....8..)#.#####
#...8.8..#.....#######
#..8.@.8.#####.......#
#.?.8.8..######......#
##...8........##.....#
#.......####........#
######### ####.....#
#.<...# #....)#
#######


There were no monsters in sight!

Vanquished Creatures
  An adder (D:2)
  An ooze (D:1)
  2 giant geckos (D:1)
  6 bats
  A giant cockroach (D:1)
  4 goblins
  2 hobgoblins (D:1)
  A kobold (D:1)
  A giant newt (D:1)
  5 rats
24 creatures vanquished.

Notes
Turn   | Place    | Note
--------------------------------------------------------------
     0 | D:1      | abixa the Troll Monk began the quest for the Orb.
     0 | D:1      | Reached XP level 1. HP: 22/22 MP: 0/0
   226 | D:1      | Reached XP level 2. HP: 29/29 MP: 1/1
   560 | D:2      | Found a faded altar to an unknown god.
   564 | D:2      | Reached skill level 5 in Unarmed Combat
   564 | D:2      | Reached XP level 3. HP: 34/36 MP: 2/2
   576 | D:2      | Became a worshipper of Lugonu the Unformed
   576 | D:2      | Acquired Lugonu's first power
   576 | D:2      | Acquired Lugonu's second power
   576 | D:2      | Acquired Lugonu's third power
   577 | D:2      | Quit the game

Vault maps used:
D:1:      dpeg_chamrin_arrival_tetris
D:2:      ecumenical_altar_2, serial_bayou_crossing, uniq_iyjb, uniq_sigmund

Action                   || total
-------------------------++-------
Melee: Unarmed           ||    51
 Stab: Sleeping          ||     2
  Eat: Chunk             ||     8
